 Dungeon Crawl Stone Soup version 0.27.1-34-g3ba077fa99 (webtiles) character file.

Game seed: 9505524634190333164

1489 DrunkBamboolord the Poker (level 8, -6/73 HPs)
             Began as a Naga Fighter on Jan 14, 2022.
             Was a Follower of Cheibriados.
             Mangled by an ogre (15 damage)
             ... on level 5 of the Dungeon.
             The game lasted 00:09:48 (5439 turns).

DrunkBamboolord the Poker (Naga Fighter)            Turns: 5439, Time: 00:09:49

Health: -6/73      AC:  7    Str: 23    XL:     8   Next: 80%
Magic:  10/10      EV:  7    Int: 13    God:    Cheibriados [*.....]
Gold:   224        SH:  5    Dex: 15    Spells: 7/7 levels left

rFire    . . .     SeeInvis +   a - +0 trident
rCold    . . .     Faith    .   p - +0 buckler
rNeg     . . .     Spirit   .   b - +0 scale mail
rPois    +         Reflect  .   (no helmet)
rElec    .         Harm     .   (no cloak)
rCorr    .         Rampage  .   (no gloves)
Will     +....                  (no barding)
Stlth    ..........             c - amulet of regeneration
HPRegen  1.22/turn              g - ring of Darphyguo {Wiz Int+2}
MPRegen  0.12/turn              (no ring)

@: studying Crossbows, very slow
A: AC +2, large, see invisible, deformed body, poison resistance, slowness 2,
spit poison 1, naga tail 1
a: Spit Poison, Renounce Religion, Bend Time


You were on level 5 of the Dungeon.
You worshipped Cheibriados.
Cheibriados was aware of your devotion.
You visited 2 branches of the dungeon, and saw 6 of its levels.

You collected 244 gold pieces.
You spent 20 gold pieces at shops.

Inventory:

Hand Weapons
 a - a +0 trident (weapon)
Missiles
 l - a throwing net
Armour
 b - a +0 scale mail (worn)
 p - a +0 buckler (worn)
Jewellery
 c - an amulet of regeneration (around neck)
 g - the ring of Darphyguo (left hand) {Wiz Int+2}
   (You found it on level 5 of the Dungeon)

   [ring of wizardry]

   It improves your spell success rate.
   Int:       It affects your intelligence (+2).
Wands
 d - a wand of mindburst (14)
 m - a wand of flame (3)
 q - a wand of acid (6)
 u - a wand of paralysis (11)
Scrolls
 f - a scroll of silence
 k - a scroll of brand weapon {unknown}
 n - a scroll of blinking {unknown}
 o - 3 scrolls of vulnerability
 s - a scroll of magic mapping
 t - a scroll of teleportation {unknown}
Potions
 e - a potion of heal wounds {unknown}
 h - 4 potions of curing
 r - 2 potions of ambrosia {unknown}


   Skills:
 * Level 4.8 Fighting
 * Level 6.2 Polearms
 * Level 3.9 Crossbows
 * Level 5.2 Armour
 * Level 3.8 Shields
 * Level 2.7 Invocations


You had 7 spell levels left.
You didn't know any spells.
Your spell library contained the following spells:

 Spells                   Type           Power      Damage    Failure   Level
 Shock                    Conj/Air       0%         1d3       28%         1
 Swiftness                Air            0%         N/A       61%         3
 Tukima's Dance           Hex            0%         N/A       61%         3
 Airstrike                Air            0%         N/A       94%         4
 Passage of Golubria      Tloc           N/A        N/A       94%         4
 Yara's Violent Unravell  Hex/Tmut       0%         3d3       100%        5


Dungeon Overview and Level Annotations

Branches:
Dungeon (5/15)             Temple (1/1) D:4

Altars:
Cheibriados

Shops:
D:1 (   D:2 *?   D:3 =


Innate Abilities, Weirdness & Mutations

Your serpentine skin is tough. (AC +2)
You have supernaturally acute eyesight. (SInv)
Armour fits poorly on your strangely shaped body.
Your system is resistant to poisons. (rPois)
You cover ground very slowly.
You can spit poison.
You have a snake-like lower body.


Message History

The hound barely misses you.
A jelly comes into view.
The hound barely misses you.
The jelly moves out of view.
You hit the hound.
You kill the hound!
Cheibriados thoroughly appreciates the change of pace.
You see here a hound corpse.
You hit the jelly.
Your hands burn!
The jelly is lightly wounded.
The jelly barely misses you.
You puncture the jelly! The acid corrodes you!
Your hands burn!
The jelly is almost dead.
The jelly hits you but does no damage.
You hit the jelly but do no damage. The acid corrodes you!
Your hands burn!
The jelly is almost dead.
The jelly hits you.
You are splashed with acid.
You hit the jelly.
You kill the jelly!
Cheibriados appreciates the change of pace.
You see here a staff of death.
An ogre comes into view. It is wielding a +0 giant club.
The ogre shouts!
You are no longer corroded.
The ogre hits you with a +0 giant club!!
The ogre hits you with a +0 giant club!
You puncture the ogre!
The ogre is moderately wounded.
You completely miss the ogre.
The ogre is moderately wounded.
The ogre hits you with a +0 giant club!!
You hit the ogre.
The ogre is heavily wounded.
The ogre hits you with a +0 giant club!
* * * LOW HITPOINT WARNING * * *
As you read the scroll labelled QEOWAMP ALYSK, it crumbles to dust.
Your body is wracked with pain!
* * * LOW HITPOINT WARNING * * *
The ogre convulses!
It was a scroll of torment.
The ogre hits you with a +0 giant club!
You die...

# #. #.# #... ##...#
#...#### #....#
#......##### #....#
#......##..##
###....###.....O@....#
..(...#........##..###
...........#.......###
.....#...............##
....##.....##......|..#
##..#......#...#......##
##...............##...#
#
#........#......##...##
#
#..####..###....###.#.##


You could see an ogre.

Vanquished Creatures
  A two-headed ogre (D:5)
  Grinder (D:5)
  A water moccasin (D:5)
  A black bear (D:4)
  2 phantoms (D:5)
  A howler monkey (D:5)
  A jelly (D:5)
  A bullfrog skeleton (D:4)
  2 orc priests (D:5)
  A centaur skeleton (D:5)
  2 hounds (D:5)
  An iguana (D:5)
  An orc wizard (D:4)
  3 adders
  2 white imps (D:5)
  An adder zombie (D:3)
  2 adder skeletons (D:4)
  3 worms
  3 dart slugs
  11 orcs
  6 endoplasms
  6 giant cockroaches
  8 goblins
  8 hobgoblins
  7 jackals
  6 kobolds
  4 quokkas
  9 ball pythons
  2 bats
  4 frilled lizards
  5 rats
  A butterfly (D:4)
107 creatures vanquished.

Vanquished Creatures (collateral kills)
  An adder (D:5)
1 creature vanquished.

Grand Total: 108 creatures vanquished

Notes
Turn   | Place    | Note
-------+----------+-------------------------------------------
     0 | D:1      | DrunkBamboolord the Naga Fighter began the quest for the
                  | Orb.
     0 | D:1      | Reached XP level 1. HP: 21/21 MP: 1/1
   170 | D:1      | Found a faded altar of an unknown god.
   279 | D:1      | Reached XP level 2. HP: 27/28 MP: 2/2
   419 | D:1      | Found Xobeal's Weapon Shop.
  1066 | D:1      | Reached XP level 3. HP: 34/34 MP: 3/3
  1733 | D:2      | Found Jedirrej's Magic Scroll Boutique.
  1748 | D:2      | Bought a scroll of identify for 20 gold pieces
  1906 | D:2      | Found Axeh's General Store.
  2794 | D:3      | Reached XP level 4. HP: 35/42 MP: 4/4
  3278 | D:3      | Reached skill level 1 in Crossbows
  3447 | D:3      | Found Fesuath's Jewellery Boutique.
  3822 | D:4      | Reached skill level 3 in Polearms
  3953 | D:4      | Reached XP level 5. HP: 39/49 MP: 5/5
  4328 | D:4      | Found a staircase to the Ecumenical Temple.
  4356 | Temple   | Entered the Ecumenical Temple
  4361 | Temple   | Became a worshipper of Cheibriados the Contemplative
  4869 | D:4      | Noticed a black bear
  4875 | D:4      | Killed a black bear
  4876 | D:4      | Reached XP level 6. HP: 49/57 MP: 6/6
  5001 | D:5      | Entered Level 5 of the Dungeon
  5012 | D:5      | Reached * piety under Cheibriados
  5013 | D:5      | Reached skill level 4 in Polearms
  5033 | D:5      | Noticed Grinder
  5044 | D:5      | Killed Grinder
  5045 | D:5      | Reached skill level 1 in Invocations
  5045 | D:5      | Reached XP level 7. HP: 58/64 MP: 7/7
  5150 | D:5      | Reached skill level 5 in Polearms
  5215 | D:5      | Reached XP level 8. HP: 25/73 MP: 9/9
  5261 | D:5      | Noticed a two-headed ogre
  5267 | D:5      | HP: 3/73 [two-headed ogre (18)]
  5273 | D:5      | Killed a two-headed ogre
  5274 | D:5      | Reached skill level 6 in Polearms
  5274 | D:5      | Reached skill level 5 in Armour
  5401 | D:5      | Identified the ring of Darphyguo {Wiz Int+2}
  5439 | D:5      | Mangled by an ogre

Illustrated notes

Levels and vault maps discovered:
D:1:      dpeg_arrival_shelter, layout_loops_corners,
          hellmonk_ecumenical_altar_pennies_from_heaven, serial_shops,
          nicolae_diamond_shop, chequers_garden
D:2:      layout_loops_ring, serial_shops, nicolae_shop_crystal,
          nicolae_shop_statue_plus, kennysheep_generic_room_12
D:3:      layout_basic, serial_shops, nicolae_shop_window_shopping
D:4:      layout_basic, minmay_temple_entry_butterflies
D:5:      minmay_bubble_buster, layout_cave_pools, uniq_grinder,
          uniq_crazy_yiuf_cottage
Temple:   nicolae_temple_elliptical

Skill      XL: |  1  2  3  4  5  6  7  8 |
---------------+-------------------------+-----
Armour         | 3 4 5 |  5.2
Crossbows      | 1 2 3 |  3.9
Polearms       | 3 4 5 6 |  6.2
Shields        | 3 |  3.8
Fighting       | 4 |  4.8
Invocations    | 1 2 |  2.7

Action                   |  1- 3 |  4- 6 |  7- 9 || total
-------------------------+-------+-------+-------++-------
Melee: Trident           |   146 |   192 |   107 ||   445
  Use: Scroll            |     5 |     3 |     3 ||    11
       Potion            |       |       |     2 ||     2
Armor: Scale mail        |    42 |    89 |    45 ||   176
Dodge: Dodged            |    26 |    51 |    45 ||   122
Block: Kite shield       |    55 |    79 |       ||   134
       Buckler           |       |     6 |    21 ||    27
